Map: Ley Lines

Players

Serral - Winner!

  • Race: Zerg Zerg
  • Spawn Location: 1:00

FalconsSolar (Solar)

  • Race: Zerg Zerg
  • Spawn Location: 7:00

Event: DreamHack Dallas 2025

VOD

Have the link to the VOD?

Description

Time

  • Played on: May 24, 2025, 1:25 p.m.
  • Length: 9:24

All games in this series

Show
View Real Time Build Order
Export as new Build Order

Serral Zerg - Winner!

Build Orders: Hatch First 

Get SALT Encoding   

  12  0:00  Drone  
  13  0:08  Drone  
  14  0:14  Extractor  
  14  0:15  Drone  
  15  0:22  Overlord  
  15  0:40  Drone  
  16  0:45  Hatchery  
  16  0:49  Drone  
  16  0:52  Drone  
  16  0:56  Drone  
  18  1:07  Extractor  
  17  1:11  Spawning Pool  
  17  1:14  Drone  
  17  1:17  Drone  
  18  1:26  Drone  
  19  1:37  Drone  
  20  1:47  Drone  
  21  1:57  Queen x2  
  21  1:58  Drone  
  21  2:00  Overlord  
  26  2:08  Drone  
  27  2:09  Drone  
  27  2:11  Metabolic Boost  
  28  2:19  Zergling x2  
  28  2:20  Drone  
  30  2:29  Drone  
  31  2:30  Drone  
  31  2:36  Hatchery  
  31  2:41  Drone  
  32  2:44  Overlord  
  32  2:48  Baneling Nest  
  32  2:51  Zergling x2  
  32  2:54  Drone  
  33  3:00  Queen  
  33  3:05  Drone x2  
  37  3:09  Zergling x4  
  37  3:11  Zergling x2  
  40  3:13  Drone  
  40  3:17  Overlord  
  41  3:20  Drone  
  41  3:22  Drone  
  41  3:26  Zergling x2  
  44  3:37  Drone x6  
  44  3:41  Overlord  
  50  3:43  Drone  
  50  3:46  Baneling  
  50  3:48  Drone x3  
  51  3:53  Roach Warren  
  52  3:58  Zergling x2  
  52  3:59  Drone x2  
  52  4:02  Baneling  
  55  4:06  Zergling x2  
  55  4:09  Drone x3  
  59  4:13  Drone, Extractor  
  59  4:14  Extractor  
  59  4:16  Drone x2  
  60  4:21  Zergling x2  
  60  4:24  Drone, Overlord  
  60  4:25  Evolution Chamber  
  60  4:28  Overlord  
  60  4:32  Overlord  
  60  4:33  Spine Crawler  
  60  4:36  Roach x2  
  63  4:39  Roach  
  63  4:42  Roach x4  
  74  4:46  Overlord  
  74  4:50  Roach x2  
  74  4:51  Baneling  
  74  4:52  Baneling  
  78  4:54  Overlord  
  78  4:58  Roach x2  
  82  5:02  Baneling x2  
  82  5:04  Roach x2  
  82  5:06  Overlord  
  86  5:11  Roach  
  85  5:18  Roach  
  85  5:19  Roach x3  
  85  5:20  Roach  
  84  5:23  Roach  
  84  5:26  Zergling x2  
  84  5:27  Roach  
  85  5:29  Roach  
  85  5:33  Zergling x2, Roach  
  85  5:35  Roach  
  85  5:39  Roach  
  84  5:46  Roach x2  
  84  5:48  Roach  
  83  5:50  Queen  
  83  5:52  Roach  
  83  5:53  Zergling x2  
  88  5:58  Zergling x2  
  88  6:00  Evolution Chamber  
  87  6:06  Zergling x4  
  87  6:08  Lair  
  89  6:11  Drone x3  
  92  6:19  Overlord  
  92  6:22  Drone x2  
  94  6:29  Drone x2  
  94  6:31  Ravager  
  97  6:33  Drone  
  97  6:40  Roach x2  
  97  6:44  Extractor, Roach  
  97  6:45  Spine Crawler  
  97  6:46  Baneling x4  
  101  6:50  Roach  
  101  6:51  Baneling  
  101  6:53  Baneling, Roach x2  
  107  6:54  Overlord  
  107  6:55  Overlord  
  107  6:57  Roach x3  
  107  6:58  Spine Crawler  
  112  7:03  Overlord  
  112  7:13  Roach  
  112  7:14  Roach  
  100  7:17  Roach x2  
  86  7:23  Zerg Missile Weapons Level 1  
  86  7:24  Roach x2  
  86  7:25  Zergling x8  
  83  7:30  Drone x2  
  83  7:31  Zergling x2  
  83  7:35  Roach  
  86  7:39  Drone  
  86  7:40  Drone x2  
  86  7:44  Roach  
  85  7:47  Roach  
  85  7:48  Baneling  
  85  7:49  Baneling  
  85  7:50  Roach  
  82  7:53  Roach  
  78  8:01  Roach x2  
  78  8:05  Queen  
  84  8:14  Roach x2  
  84  8:18  Roach x2  
  92  8:20  Ravager  
  92  8:23  Roach x2  
  92  8:24  Baneling x2  
  92  8:25  Baneling  
  97  8:30  Roach x2  
  101  8:34  Overlord  
  101  8:36  Roach  
  101  8:37  Roach  
  105  8:45  Overseer, Overlord  
  105  8:46  Roach x2  
  109  8:51  Roach  
  109  8:55  Roach x2  
  115  9:00  Overlord  
  115  9:04  Roach x3  
Show
View Real Time Build Order
Export as new Build Order

FalconsSolar Zerg 

Build Orders: Hatch First 

Get SALT Encoding   

  12  0:00  Drone  
  13  0:08  Drone  
  14  0:14  Drone, Extractor  
  15  0:22  Overlord  
  15  0:40  Drone  
  16  0:44  Hatchery  
  16  0:48  Drone  
  16  0:52  Drone  
  16  0:55  Drone  
  18  1:06  Extractor  
  18  1:11  Spawning Pool  
  16  1:14  Drone  
  16  1:17  Drone  
  18  1:27  Drone  
  19  1:38  Drone  
  20  1:49  Drone  
  21  1:57  Queen x2  
  21  1:58  Zergling x2  
  21  2:00  Overlord  
  26  2:07  Metabolic Boost  
  26  2:09  Drone  
  26  2:11  Drone  
  28  2:19  Zergling x2  
  28  2:20  Drone  
  30  2:32  Hatchery  
  30  2:34  Drone  
  30  2:38  Drone  
  31  2:44  Drone  
  31  2:48  Baneling Nest  
  31  2:50  Overlord  
  31  2:54  Drone  
  31  2:55  Drone  
  33  3:03  Drone x2  
  35  3:07  Drone  
  35  3:09  Drone x2  
  35  3:10  Drone  
  39  3:13  Zergling x2  
  39  3:19  Queen  
  42  3:22  Drone  
  42  3:24  Drone  
  44  3:27  Overlord  
  44  3:34  Roach Warren  
  43  3:35  Drone  
  44  3:42  Overlord  
  44  3:46  Drone  
  44  3:47  Zergling x4  
  47  3:50  Evolution Chamber  
  47  3:51  Zergling x4  
  47  3:54  Overlord  
  48  3:57  Overlord  
  48  4:00  Overlord  
  48  4:02  Overlord  
  48  4:14  Roach  
  48  4:15  Roach x4  
  48  4:16  Baneling  
  58  4:18  Roach  
  58  4:22  Roach  
  62  4:25  Roach x2  
  62  4:28  Roach  
  65  4:32  Zergling x6  
  65  4:38  Zergling x8  
  72  4:40  Zergling x2  
  72  4:42  Baneling  
  72  4:43  Baneling  
  73  4:45  Zergling x2  
  73  4:46  Zergling x2  
  73  4:49  Zergling x6  
  73  4:51  Zergling x2  
  73  4:52  Zergling x2  
  80  4:54  Zergling x2  
  80  4:58  Baneling  
  80  4:59  Zergling x4  
  83  5:03  Zergling x2  
  83  5:04  Baneling  
  83  5:06  Zergling x2  
  85  5:12  Zergling x10  
  87  5:21  Zergling x10  
  82  5:26  Queen  
  76  5:31  Extractor, Roach x2  
  76  5:34  Roach  
  75  5:38  Roach  
  75  5:42  Zergling x2  
  76  5:44  Zergling x2  
  76  5:49  Roach  
  73  5:52  Zergling x2  
  70  5:57  Drone  
  70  5:58  Drone x2  
  70  5:59  Roach  
  70  6:00  Roach  
  70  6:03  Zergling x6  
  72  6:09  Roach x2  
  76  6:13  Overlord  
  76  6:18  Roach  
  78  6:20  Zergling x2  
  79  6:27  Zergling x16, Ravager  
  88  6:34  Zergling x2  
  89  6:41  Zergling x8  
  89  6:46  Zergling x4  
  94  6:48  Baneling x4  
  94  6:49  Zergling x2  
  94  6:53  Zergling x2, Overlord  
  94  6:54  Zergling x4, Baneling x2  
  98  6:59  Zergling x4  
  100  7:04  Zergling x2  
  100  7:11  Zergling x8  
  100  7:15  Zergling x8  
  93  7:19  Zergling x4  
  77  7:23  Zergling x6  
  77  7:27  Roach  
  79  7:31  Zergling x4  
  79  7:36  Zergling x6  
  80  7:40  Roach x3  
  82  7:49  Roach  
  79  7:51  Zergling x4  
  75  8:00  Zergling x6  
  75  8:01  Roach x4  
  86  8:06  Zergling x8  
  86  8:12  Ravager x2  
  92  8:13  Overlord  
  92  8:14  Zergling x4  
  92  8:18  Ravager  
  95  8:23  Zergling x4  
  97  8:27  Zergling x2  
  97  8:31  Zergling x8, Roach x2  
  97  8:33  Overlord  
  106  8:35  Zergling x4  
  106  8:39  Zergling x6  
  111  8:43  Ravager  
  112  8:49  Zergling x6  
  115  8:57  Overlord  
  115  9:01  Zergling x10  
Tags
 
Add a new tag
Caveats
  • Supply blocks, unpowered buildings, or Contaminate may cause inaccurate times.
  • Supply counts are checked every 10 seconds.